AoeStats
← kjubab

Arabia

509824481Analyzed
1v1 RM · 5d ago on Sep 28, 2026· 57m 23s· 2 players
Game mode
Random Map
Map size
Tiny (2 player)
Population
200
Speed
Normal
Resources
Standard
Victory
Conquest
Starting age
Dark Age
Ending age
Imperial Age
RankedLock teamsTeams togetherTeam positionsShared explorationLock speedFull tech treeHidden civsTurbo modeCheats
Victory
Defeat
🇨🇿 Khmer · Czechia
1065
+15
🇮🇳 Saxons · India
1052
-15
ainea_zothana
9:30 Feudal Age
8:04 Loom
13:48 Castle Age
12:30 Double-Bit Axe
21:06 Pikeman
24:37 Fletching
25:06 Town Watch
30:19 Squires
30:29 Scale Mail Armor
33:33 Wheelbarrow
37:14 Imperial Age
34:37 Arson
35:09 Forging
35:25 Gambesons
37:54 Bow Saw
37:45 Capped Ram
37:49 Halberdier
41:29 Chain Mail Armor
43:17 Siege Ram
47:46 Plate Mail Armor
51:07 Iron Casting
51:38 Elite Varangian Guard
53:42 Two-Man Saw
56:46 Horse Collar
kjubab
10:13 Feudal Age
8:55 Loom
13:40 Castle Age
13:30 Bloodlines
14:31 Forging
21:40 Husbandry
21:48 Scale Barding Armor
22:58 Chain Barding Armor
22:54 Light Cavalry
25:33 Forging
29:48 Iron Casting
31:55 Double-Bit Axe
31:54 Horse Collar
34:47 Imperial Age
33:27 Fletching
35:36 Bow Saw
35:28 Heavy Plow
38:13 Wheelbarrow
40:06 Elite Ballista Elephant
40:58 Bodkin Arrow
44:20 Hussar
45:38 Hand Cart
45:54 Crop Rotation
45:29 Murder Holes
45:55 Ballistics
46:35 Chemistry
45:48 Masonry
46:08 Conscription
46:46 Gold Mining
46:46 Stone Mining
48:22 Double Crossbow
48:30 Double Crossbow
50:35 Cavalier
54:06 Blast Furnace
53:41 Plate Barding Armor
53:07 Bracer
Connection lost

Rejoining the realm…

Still unreachable

The connection could not be restored.

Session expired

The server has moved on; the page needs a fresh start.